 Dungeon Crawl Stone Soup version 0.31.0-12-g77e489cdc1 (webtiles) character file.

Game seed: 12188404268508049284

25 jimonade the Ruffian (level 2, -2/27 HPs)
             Began as a Troll Warper on Mar 2, 2024.
             Slain by a gnoll
             ... wielding a +0 spear
              (9 damage)
             ... on level 2 of the Dungeon.
             The game lasted 00:01:33 (884 turns).

jimonade the Ruffian (Troll Warper)                  Turns: 884, Time: 00:01:33

Health: -2/27      AC:  5    Str: 18    XL:     2   Next: 82%
Magic:  2/2        EV: 10    Int:  9    God:
Gold:   81         SH:  0    Dex:  9    Spells: 3/3 levels left

rFire   . .          .
                       - Unarmed
rCold   . . .        (no shield)
rNeg    . . .        a - +0 robe
rPois   .            (helmet restricted)
rElec   .            e - +0 cloak
rCorr   .            (gloves unavailable)
SInv    .            (boots unavailable)
Will    .....        (no amulet)
Stlth   +            (no ring)
HPRegen 1.04/turn    (no ring)
MPRegen 0.08/turn

%: no passive effects
@: no status effects
A: large, unfitting armour, claws 3, regeneration 1, shaggy fur 1, tough skin 1
a: no special abilities


You were on level 2 of the Dungeon.
You visited 1 branch of the dungeon, and saw 2 of its levels.

You collected 81 gold pieces.

Inventory:

Missiles
 c - 7 darts of dispersal (quivered)
 i - a stone
Armour
 a - a +0 robe (worn)
 e - a +0 cloak (worn)
Jewellery
 f - a ring of wizardry
 h - a ring of ice
Scrolls
 b - 2 scrolls of blinking
 d - a scroll of enchant armour {unknown}
 j - 2 scrolls of identify {unknown}
 l - a scroll of enchant weapon {unknown}
Potions
 g - a potion of enlightenment {unknown}
 k - a potion of magic {unknown}


   Skills:
 - Level 1.5 Fighting
 - Level 0.8 Throwing
 + Level 2.3 Dodging
 * Level 3.0 Unarmed Combat
 - Level 1.2 Spellcasting
 - Level 2.1 Translocations


You had 3 spell levels left.
You didn't know any spells.
Your spell library contained the following spells:

 Spells                   Type           Power      Damage    Failure   Level
 Blink                    Tloc           8%         N/A       22%         2
 Lesser Beckoning         Tloc           8%         N/A       22%         2
 Kiss of Death            Conj/Necr      0%         2d5       36%         1
 Teleport Other           Tloc           4%         N/A       41%         3
 Confusing Touch          Hex            0%         N/A       73%         3
 Manifold Assault         Tloc           4%         N/A       82%         4
 Vhi's Electric Charge    Tloc/Air       4%         N/A       93%         4
 Dispel Undead            Necr           0%         3d6       98%         4


Dungeon Overview and Level Annotations

Branches:
Dungeon (2/15) Zot: 11117

Altars:


Innate Abilities, Weirdness & Mutations

You are too large for most types of armour.
You have claws for hands.
Your natural rate of healing is unusually fast.
You are covered in fur. (AC +1)
You have tough skin. (AC +1)


Message History

The frilled lizard bites you but does no damage.
You closely miss the frilled lizard.
The frilled lizard unfolds its giant frill.
The frilled lizard bites you but does no damage.
You miss the frilled lizard.
The frilled lizard bites you but does no damage.
You barely miss the frilled lizard. The frilled lizard barely misses you.
You miss the frilled lizard. The frilled lizard barely misses you.
You claw the frilled lizard!
You kill the frilled lizard!
Things that are here:
a +0 spear; a frilled lizard corpse A jackal comes into view.
An endoplasm comes into view.
You scratch the jackal.
You kill the jackal!
The endoplasm quivers.
You scratch the endoplasm but do no damage.
The endoplasm freezes you.
You are frozen.
You scratch the endoplasm.
The endoplasm is almost dead.
The endoplasm freezes you.
You are frozen.
You claw the endoplasm!
You kill the endoplasm!
No target in view!
You open the door. 2 jackals come into view.
The jackal barks!
There are monsters nearby!
The jackal bites you.
You claw the jackal!
You kill the jackal!
You miss the jackal.
The jackal bites you but does no damage. x2
You scratch the jackal but do no damage.
The jackal barely misses you.
You miss the jackal.
The jackal bites you but does no damage.
You scratch the jackal.
The jackal is almost dead.
The jackal bites you but does no damage.
You claw the jackal!
You kill the jackal!
Your Unarmed Combat skill increases to level 3!
No target in view!
Things that are here:
a +0 spear; a frilled lizard corpse
There is an open door here.
A ball python comes into view.
A ball python is nearby!
The ball python hisses angrily.
You claw the ball python!
You kill the ball python!
No target in view!
No target in view!
Done exploring.
Search for what [? for help]? .
There is an open door here.
You see here a +0 club.
There is a stone staircase leading down here.
You climb downwards.
There is a stone staircase leading up here.
There is a stone staircase leading up here.
A goblin comes into view. It is wielding a +0 dagger.
The goblin shouts!
You claw the goblin!
You kill the goblin!
No target in view!
Things that are here:
a +0 dagger; a goblin corpse
Found a stone staircase leading down.
No target in view!
j - 2 scrolls labelled GIUSMA DYAPT (gained 1) 2 gnolls come into view.
The gnoll shouts!
You hear a shout!
A gnoll comes into view. It is wielding a +0 spear.
The gnoll shouts!
The gnoll attacks as it pursues you! The gnoll hits you with a +0 whip.
The gnoll attacks as it pursues you! The gnoll closely misses you.
The gnoll attacks as it pursues you! The gnoll hits you but does no damage.
The gnoll attacks as it pursues you! The gnoll misses you.
The gnoll hits you with a +0 whip.
You closely miss the gnoll. The gnoll barely misses you.
The gnoll hits you with a +0 whip.
You scratch the gnoll.
The gnoll is heavily wounded.
The gnoll hits you from afar with a +0 spear.
The gnoll closely misses you.
You completely miss the gnoll.
The gnoll is heavily wounded.
The gnoll hits you from afar with a +0 spear.
* * * LOW HITPOINT WARNING * * *
The gnoll hits you with a +0 whip.
* * * LOW HITPOINT WARNING * * *
You claw the gnoll! You claw the gnoll.
You kill the gnoll!
The gnoll hits you from afar with a +0 spear!
You die...

#......####
#.#.......#
#.##.##.#
#....##)#
#.#..#....#
#.........#
###.......# #
#####.#########
.# #@#..
....##.. #)#.#
#....g
#g#.###.#.###.#
#g#.#.........#
#...gg..#.###.#
###.#.>.....
#.......###
#########


You could see 2 gnolls.

Vanquished Creatures
  A gnoll (D:2)
  A ball python (D:1)
  2 endoplasms (D:1)
  A giant cockroach (D:1)
  4 goblins
  2 hobgoblins (D:1)
  3 jackals (D:1)
  A kobold (D:1)
  A quokka (D:1)
  2 bats (D:1)
  2 frilled lizards (D:1)
  3 rats (D:1)
23 creatures vanquished.

Notes
Turn   | Place    | Note
-------+----------+-------------------------------------------
     0 | D:1      | jimonade the Troll Warper began the quest for the Orb.
     0 | D:1      | Reached XP level 1. HP: 19/19 MP: 1/1
   188 | D:1      | Reached XP level 2. HP: 27/27 MP: 2/2
   526 | D:1      | Found a faded altar of an unknown god.
   679 | D:1      | Reached skill level 3 in Unarmed Combat
   884 | D:2      | Slain by a gnoll

Illustrated notes

Levels and vault maps discovered:
D:1:      roadster_arrival_rocket_large, layout_basic, basic_ecumenical_altar,
          minivault_19
D:2:      kennysheep_six_static_rooms, layout_loops_cross, chequers_jeans

Skill      XL: |  1  2 |
---------------+-------+-----
Dodging        | 2 |  2.3
Unarmed Combat | 3 |  3.0
Fighting       | |  1.5
Throwing       | |  0.8
Spellcasting   | |  1.2
Translocations | |  2.1

Action                     || total
---------------------------++-------
  Melee: Unarmed           ||    57
         Punch             ||     2
   Stab: Sleeping          ||     1
 Armour: Robe              ||    31
  Dodge: Dodged            ||    23
